 Dungeon Crawl Stone Soup version 0.26-a0-1060-g086102a3f0 (webtiles) character file.

Game seed: 6609003512616493858

3185 streetpizza the Destroyer (level 9, -3/55 HPs)
             Began as a Tengu Conjurer on Dec 13, 2020.
             Was an Initiate of Vehumet.
             Slain by a green ugly thing (11 damage)
             ... on level 7 of the Dungeon.
             The game lasted 00:22:54 (8368 turns).

streetpizza the Destroyer (Tengu Conjurer)          Turns: 8368, Time: 00:22:55

Health: -3/55      AC:  6    Str:  7    XL:     9   Next: 95%
Magic:  1/18       EV: 22    Int: 23    God:    Vehumet [......]
Gold:   359        SH:  0    Dex: 12    Spells: 16/19 levels left

rFire    . . .     SeeInvis +   r - +3 morningstar
rCold    . . .     Faith    .   (no shield)
rNeg     . . .     Spirit   .   v - +1 robe of Hopscotch {SInv}
rPois    .         Reflect  .   (helmet restricted)
rElec    .         Harm     .   s - +2 cloak {Will+}
rCorr    .         Rampage  .   (no gloves)
Will     +....                  (boots unavailable)
Stlth    ++........             (no amulet)
HPRegen  0.18/turn              k - +4 ring of evasion
MPRegen  0.16/turn              (no ring)

@: flying quickly and evasively, studying Crossbows, quick
A: beak, talons 3, able to fly
a: Stop Flying, Renounce Religion


You were on level 7 of the Dungeon.
You worshipped Vehumet.
Vehumet was noncommittal.
You visited 2 branches of the dungeon, and saw 8 of its levels.

You collected 359 gold pieces.

Inventory:

Hand Weapons
 r - a +3 morningstar (weapon)
Missiles
 C - 9 poisoned darts
Armour
 a - a +0 robe
 s - a +2 cloak of willpower (worn)
 v - the +1 robe of Hopscotch (worn) {SInv}
   (You found it on level 6 of the Dungeon)

   It lets you see invisible.
Jewellery
 h - an uncursed ring of ice
 k - a +4 ring of evasion (left hand)
 q - an uncursed ring of see invisible
 E - an uncursed ring of magical power {unknown}
Wands
 u - a wand of paralysis (9)
 w - a wand of acid (8)
 x - a wand of flame (15)
 y - a wand of iceblast (23)
Scrolls
 c - 3 scrolls of magic mapping {unknown}
 d - 4 scrolls of identify {unknown}
 e - 7 scrolls of remove curse {unknown}
 g - a scroll of amnesia {unknown}
 j - a scroll of immolation {unknown}
 l - a scroll of teleportation {unknown}
 m - 2 scrolls of enchant weapon {unknown}
 o - 2 scrolls of noise {unknown}
 t - a scroll of fog {unknown}
 z - 2 scrolls of blinking {unknown}
Potions
 b - 2 potions of heal wounds
 f - a potion of attraction {unknown}
 i - a potion of flight
 n - a potion of ambrosia {unknown}
 p - 2 potions of brilliance {unknown}
 A - a potion of cancellation {unknown}
 B - a potion of degeneration {unknown}
 F - a potion of resistance {unknown}
Books
 D - a manual of Crossbows


   Skills:
 + Level 5.9 Fighting
 + Level 7.0 Dodging
 - Level 2.0 Stealth
 + Level 5.9 Spellcasting
 * Level 12.1 Conjurations


You had 16 spell levels left.
You knew the following spells:

 Your Spells              Type           Power        Failure   Level
a - Magic Dart            Conj           ####         1%          1
b - Searing Ray           Conj           ######       1%          2

Your spell library contained the following spells:

 Spells                   Type           Power        Failure   Level
 Dazzling Flash           Conj/Hex       ####..       2%          3
 Mephitic Cloud           Conj/Pois/Air  ####....     4%          3
 Fulminant Prism          Conj/Hex       ####......   7%          4
 Iskenderun's Mystic Bla  Conj/Tloc      ####....     7%          4
 Corona                   Hex            #......      9%          1
 Sting                    Tmut/Pois      #...         9%          1
 Ensorcelled Hibernation  Hex/Ice        #.....       13%         2
 Poisonous Vapours        Pois/Air       #.....       13%         2
 Confusing Touch          Hex            #.......     26%         3
 Ignite Poison            Fire/Tmut/Pois #.......     26%         3
 Tukima's Dance           Hex            #.......     26%         3
 Olgreb's Toxic Radiance  Pois           #.......     65%         4


Dungeon Overview and Level Annotations

Branches:
Dungeon (7/15)             Temple (1/1) D:7

Altars:
Ashenzari
Cheibriados
Elyvilon
Fedhas
Gozag
Hepliaklqana
Kikubaaqudgha
Makhleb
Nemelex Xobeh
Okawaru
Qazlal
Ru
Sif Muna
Uskayaw
Vehumet
Wu Jian
Xom
Yredelemnul
Zin
The Shining One


Innate Abilities, Weirdness & Mutations

You have a beak for a mouth.
You have claws for feet.
You can fly continuously.


Message History

Confirm with . or Enter, or press ? or * to list all spells.
Aiming: Searing Ray (safe; 1% risk of failure)
Press: ? - help, Shift-Dir - straight line, f/p - green ugly thing
Aim: a green ugly thing (heavily wounded, 17% to evade)
The searing ray hits the green ugly thing!
The green ugly thing is heavily wounded. (Press . to maintain the ray.)
The green ugly thing misses you.
The searing ray hits the green ugly thing!
The green ugly thing is severely wounded.
The green ugly thing tail-slaps you.
* * * LOW HITPOINT WARNING * * *
Unknown command.
The searing ray hits the green ugly thing!
The green ugly thing is severely wounded.
The green ugly thing misses you.
The searing ray hits the green ugly thing!
The green ugly thing is almost dead.
You finish channeling your searing ray.
The green ugly thing tail-slaps you!
You die...

#.### #.# #......######.#### #)#
#.# #.............# #.# #.#
#######.......# #)# #.#
###..)####..# #)# #.#
###...###..#..# #.# #.#
####...###....#..##
##.#####.####....###.#..#.#...#
†.............####...##.#.#...#
##.#####.##..###@..###..#.#...###
#.# ##....##.u##...#.##.#....#.
#.####...###..#.###...#..#.#..#.
#..#...###..###.# ###.#.##....#.
##....###[##.# #.# ###..#....#.
....###.#....# #.C ####.#..#.
#.###...#..### ###) #.#..#.
#.....#..)...# y# #......
#.###...#..### u #.#..#.


You could see a green ugly thing.

Vanquished Creatures
  A cyclops (D:7)
  A vampire mosquito (D:7)
  2 water moccasins (D:7)
  2 orc warriors
  2 sky beasts (D:7)
  A phantom (D:6)
  3 ogres
  4 centaurs
  4 bullfrogs
  2 scorpions
  3 wights (D:4)
  2 howler monkeys (D:5)
  A quasit (D:7)
  2 hounds
  2 jellies
  2 orc priests
  A centaur skeleton (D:4)
  9 orc wizards
  Jessica (D:3)
  2 iguanas
  6 worker ants
  Terence (D:3)
  Robin (D:3)
  5 adders
  A shadow imp (D:7)
  2 white imps
  4 worms
  5 dart slugs
  4 leopard geckos
  15 orcs
  A giant cockroach (D:1)
  8 goblins
  8 hobgoblins
  2 jackals (D:5)
  5 kobolds
  4 quokkas
  3 bats
  2 frilled lizards
  2 quokka skeletons
  A quokka zombie (D:6)
  7 rats
134 creatures vanquished.

Vanquished Creatures (others)
  An orc (D:6)
1 creature vanquished.

Grand Total: 135 creatures vanquished

Notes
Turn   | Place    | Note
-------+----------+-------------------------------------------
     0 | D:1      | streetpizza the Tengu Conjurer began the quest for the Orb.
     0 | D:1      | Reached XP level 1. HP: 10/10 MP: 4/4
   384 | D:1      | Reached XP level 2. HP: 13/16 MP: 0/6
   511 | D:1      | Learned a level 2 spell: Searing Ray
  1499 | D:2      | Reached XP level 3. HP: 20/20 MP: 5/7
  1590 | D:2      | Reached skill level 1 in Fighting
  1812 | D:2      | Reached skill level 6 in Conjurations
  2405 | D:3      | Reached XP level 4. HP: 21/25 MP: 5/8
  2410 | D:3      | Gained mutation: You can fly continuously. [Tengu growth]
  2410 | D:3      | Reached XP level 5. HP: 24/30 MP: 0/10
  2563 | D:3      | Noticed Robin
  2679 | D:3      | Killed Robin
  3087 | D:3      | Noticed Terence
  3091 | D:3      | Killed Terence
  3092 | D:3      | Reached skill level 7 in Conjurations
  3238 | D:3      | Noticed Jessica
  3239 | D:3      | Killed Jessica
  3240 | D:3      | Reached XP level 6. HP: 35/35 MP: 8/11
  4077 | D:4      | Found a blossoming altar of Fedhas.
  4223 | D:4      | Found an ancient bone altar of Kikubaaqudgha.
  4241 | D:4      | Reached skill level 8 in Conjurations
  4241 | D:4      | Reached XP level 7. HP: 37/40 MP: 9/13
  4404 | D:5      | Entered Level 5 of the Dungeon
  5967 | D:6      | Got a smoking robe
  5971 | D:6      | Reached skill level 9 in Conjurations
  5981 | D:6      | Identified the +1 robe of Hopscotch {SInv} (You found it on
                  | level 6 of the Dungeon)
  6029 | D:6      | Reached XP level 8. HP: 47/47 MP: 11/15
  6219 | D:6      | Reached skill level 5 in Dodging
  6649 | D:6      | Reached skill level 10 in Conjurations
  6831 | D:6      | Reached XP level 9. HP: 4/52 MP: 12/17
  7155 | D:6      | Reached skill level 5 in Spellcasting
  7417 | D:7      | Reached skill level 5 in Fighting
  7449 | D:7      | Found a staircase to the Ecumenical Temple.
  7456 | Temple   | Entered the Ecumenical Temple
  7564 | Temple   | Became a worshipper of Vehumet
  7751 | D:7      | Reached skill level 11 in Conjurations
  8340 | D:7      | Noticed a green ugly thing
  8346 | D:7      | Noticed a cyclops
  8359 | D:7      | Killed a cyclops
  8360 | D:7      | Reached skill level 12 in Conjurations
  8368 | D:7      | Slain by a green ugly thing

Illustrated notes

Levels and vault maps discovered:
D:1:      heliophobic_arrival_dark_side_of_the_moon, layout_loops_corners
D:2:      layout_rooms
D:3:      layout_loops_corners, uniq_jessica, uniq_terence, uniq_robin
D:4:      layout_basic, general_overflow_altar, kennysheep_little_box
D:5:      layout_layer_cave
D:6:      layout_loops_ring, minmay_manual_mares
D:7:      minmay_the_grid_triangle_9x9_recursive_2
          [minmay_the_grid_triangle_9x9_prize_center,
          minmay_the_grid_triangle_9x9_corrupted_corridor,
          minmay_the_grid_triangle_9x9_negative_grid,
          minmay_the_grid_triangle_9x9_alien], layout_loops_ring,
          minmay_temple_entry_overgrown
Temple:   dpeg_five_rooms_temple

Skill      XL: |  1  2  3  4  5  6  7  8  9 |
---------------+----------------------------+-----
Fighting       | 1 2 3 4 5 |  5.9
Conjurations   | 6 7 8 9 10 12 | 12.1
Dodging        | 3 4 5 7 |  7.0
Spellcasting   | 3 4 5 |  5.9
Stealth        | |  2.0

Action                   |  1- 3 |  4- 6 |  7- 9 || total
-------------------------+-------+-------+-------++-------
Melee: Short sword       |     8 |     3 |       ||    11
       Kick              |     1 |     3 |    16 ||    20
       Morningstar       |       |     2 |    95 ||    97
       Peck              |       |       |    13 ||    13
 Cast: Magic Dart        |    37 |     1 |       ||    38
       Searing Ray       |    15 |    19 |    40 ||    74
 Abil: Fly               |       |     1 |       ||     1
  Use: Potion            |       |       |     1 ||     1
 Stab: Sleeping          |     3 |       |     3 ||     6
Armor: Robe              |     3 |     2 |    26 ||    31
Dodge: Dodged            |     8 |     5 |   182 ||   195

Table legend: (Time is in decaauts)
 A = Elapsed time spent in this place.
 B = Non-inter-level travel time spent in this place.
 C = Inter-level travel time spent in this place.
 D = Time resting spent in this place.
 E = Time spent auto-exploring this place.
 F = Levels seen in this place.
 G = Mean time per level.
                   A        B        C        D        E       F      G
               +--------+--------+--------+--------+--------+-----+--------+
         Total |   8071 |   7880 |    191 |    184 |   6759 |   8 | 1008.9 |
       Dungeon |   7852 |   7704 |    148 |    184 |   6590 |   7 | 1121.7 |
        Temple |    219 |    176 |     43 |      0 |    169 |   1 |  219.0 |
               +--------+--------+--------+--------+--------+-----+--------+

Top non-repeatable levels by time:
     D:1: 1410 daAuts
     D:6: 1379 daAuts
     D:5: 1346 daAuts
     D:3: 1167 daAuts
     D:4: 908 daAuts
     D:7: 840 daAuts
     D:2: 800 daAuts
  Temple: 219 daAuts
